 Dungeon Crawl Stone Soup version 0.29.1-13-g9f3cf754e1 (webtiles) character file.

Game seed: 3980582265975645167

75 concernfroge the Ducker (level 4, -3/20 HPs)
             Began as a Felid Transmuter on Jan 22, 2023.
             Slain by a gnoll
             ... wielding a +0 halberd
              (13 damage)
             ... on level 4 of the Dungeon.
             The game lasted 00:08:36 (4439 turns).

concernfroge the Ducker (Felid Transmuter)          Turns: 4439, Time: 00:08:37

Health: -3/20      AC:  1    Str:  6    XL:     4   Next: 11%
Magic:  6/8        EV: 19    Int: 14    God:
Gold:   161        SH:  0    Dex: 18    Spells: 2/7 levels left
                                        Lives:  0   Deaths: 1

rFire   . . .      SeeInvis +     - Unarmed
rCold   . . .      Faith    .   (shield unavailable)
rNeg    . . .      Spirit   .   (body armour unavailable)
rPois   .          Reflect  .   (helmet unavailable)
rElec   .          Harm     .   (cloak unavailable)
rCorr   +          Rampage  .   (gloves unavailable)
Will    .....                   (boots unavailable)
Stlth   ++........              (no amulet)
HPRegen 0.06/turn               a - ring of resist corrosion
MPRegen 0.11/turn               (no ring)

@: appendages, wereblooded, quick
A: horns 2, very small, claws 1, fangs 3, see invisible, speed 1, shaggy fur 1,
stealthy paws, no weapons or thrown items, no armour, multi-lived
a: End Transformation


You were on level 4 of the Dungeon.
You had temporarily grown beastly horns.
You visited 1 branch of the dungeon, and saw 4 of its levels.

You collected 161 gold pieces.

Inventory:

Jewellery
 a - a ring of resist corrosion (left paw)
Wands
 s - a wand of flame (28)
Scrolls
 d - 2 scrolls of teleportation {unknown}
 e - a scroll of fear {unknown}
 j - a scroll of vulnerability {unknown}
 k - a scroll of summoning {unknown}
 m - 4 scrolls of identify {unknown}
 n - a scroll of torment {unknown}
 o - a scroll of immolation {unknown}
 q - a scroll of butterflies {unknown}
 r - a scroll of blinking {unknown}
Potions
 b - a potion of flight {unknown}
 c - a potion of cancellation
 f - 2 potions of mutation {unknown}
 g - a potion of haste {unknown}
 h - a potion of resistance {unknown}
 i - a potion of attraction {unknown}
 l - a potion of brilliance {unknown}
 p - a potion of curing {unknown}


   Skills:
 + Level 2.7 Fighting
 + Level 4.5 Dodging
 + Level 4.0 Unarmed Combat
 - Level 2.0 Spellcasting
 - Level 2.1 Transmutations


You had 2 spell levels left.
You knew the following spells:

 Your Spells              Type           Power      Damage    Failure   Level
a - Beastly Appendage     Tmut           14%        N/A       10%         1
b - Wereblood             Tmut           7%         N/A       14%         2
c - Blink                 Tloc           2%         N/A       34%         2

Your spell library contained the following spells:

 Spells                   Type           Power      Damage    Failure   Level
 Spider Form              Tmut/Pois      4%         N/A       41%         3
 Lesser Beckoning         Tloc           1%         N/A       56%         3
 Ice Form                 Ice/Tmut       4%         N/A       83%         4
 Manifold Assault         Tloc           1%         N/A       100%        5


Dungeon Overview and Level Annotations

Branches:
Dungeon (4/15)
 Temple: D:4-7

Altars:
Ru
Xom

Shops:
D:2 [   D:3 (

Annotations:
D:4 Dowan, Duvessa


Innate Abilities, Weirdness & Mutations

You have temporarily grown beastly horns.
You have sharp claws.
You have razor-sharp teeth.
You have supernaturally acute eyesight. (SInv)
You cover ground quickly. (Speed+)
You are covered in fur. (AC +1)
Your paws help you pounce on unaware monsters.
You are incapable of wielding weapons or throwing items.
You cannot wear armour.
You gain extra lives every three experience levels.


Message History

You scratch the worm. You headbutt the worm! You bite the worm.
The worm is severely wounded.
Your transformation is almost over.
You claw the worm!
You kill the worm!
Your Unarmed Combat skill increases to level 4!
Your horns disappear.
Found a scroll labelled XUHUN XUPSO.
m - 4 scrolls labelled XUHUN XUPSO (gained 1)
A gnoll comes into view. It is wielding a +0 halberd.
Casting: Beastly Appendage (safe; 10% risk of failure)
Confirm with . or Enter, or press ? or * to list all spells.
You grow a pair of large bovine horns.
The gnoll shouts!
You hear a shout! x5
Casting: Beastly Appendage (safe; 10% risk of failure)
Confirm with . or Enter, or press ? or * to list all spells.
Your blood is infused with primal strength.
You hear a shout! x3
The gnoll closely misses you. The gnoll completely misses you.
You closely miss the gnoll.
You headbutt the gnoll, but do no damage.
The gnoll hits you with a +0 halberd!
Ouch! That really hurt!
You are too injured to fight recklessly!
You are too injured to fight recklessly!
You are too injured to fight recklessly!
You scratch the gnoll but do no damage. The gnoll barely misses you.
You scratch the gnoll.
The gnoll is moderately wounded.
The gnoll misses you.
You scratch the gnoll. Your headbutt misses the gnoll.
The gnoll is heavily wounded.
The gnoll closely misses you.
You scratch the gnoll.
The gnoll is severely wounded.
A phantom comes into view.
The gnoll hits you with a +0 halberd!
Ouch! That really hurt!
You die...

#.# #.# #.#
#########.#
#.........#
#.#########
#.# #.# #@#
#g# #.# #.W
###


You could see a phantom and a gnoll.

Vanquished Creatures
  4 adders
  5 worms
  2 dart slugs
  An orc (D:3)
  6 ball pythons
  6 endoplasms
  7 giant cockroaches
  3 goblins
  5 hobgoblins
  7 quokkas
  A bat (D:1)
  5 frilled lizards
  8 kobolds
  3 rats
63 creatures vanquished.

Notes
Turn   | Place    | Note
-------+----------+-------------------------------------------
     0 | D:1      | concernfroge the Felid Transmuter began the quest for the
                  | Orb.
     0 | D:1      | Reached XP level 1. HP: 9/9 MP: 4/4
   220 | D:1      | Reached XP level 2. HP: 11/12 MP: 6/6
  1369 | D:2      | Found Var Moi's Antique Armour Emporium.
  1524 | D:2      | Reached XP level 3. HP: 16/16 MP: 7/7
  1691 | D:2      | Found a shimmering altar of Xom.
  2205 | D:2      | Learned a level 2 spell: Wereblood
  2208 | D:2      | Learned a level 2 spell: Blink
  2570 | D:3      | Reached XP level 4. HP: 7/20 MP: 8/8
  2928 | D:3      | Succumbed to a kobold's poison
  2929 | D:3      | Reached XP level 3. HP: 0/16 MP: 7/7
  2996 | D:3      | Found Ajiwn's Antique Weapon Shoppe.
  3946 | D:4      | Noticed an ogre
  4022 | D:4      | Noticed Duvessa
  4022 | D:4      | Noticed Dowan
  4180 | D:4      | Noticed a scorpion
  4215 | D:4      | Reached XP level 4. HP: 20/20 MP: 6/8
  4295 | D:4      | Found a sacrificial altar of Ru.
  4439 | D:4      | Noticed a phantom
  4439 | D:4      | Slain by a gnoll

Illustrated notes

Levels and vault maps discovered:
D:1:      psy_arrival_spokes, layout_basic, shapermc_ecumenical_altar_petra,
          minmay_misc_feat_tower, minmay_tromino_i2
D:2:      layout_loops_cross, serial_shops, shop, basic_altar
D:3:      layout_loops_corners, serial_shops, nicolae_shop_statue_plus,
          gup_sewer_entry_bubbles
D:4:      layout_loops_ring, nicolae_ru_the_path_less_chosen, sigmund_army,
          uniq_duvessa

Skill      XL: |  1  2  3  4 |
---------------+-------------+-----
Dodging        | 3 4 |  4.5
Fighting       | 2 |  2.7
Unarmed Combat | 4 |  4.0
Spellcasting   | |  2.0
Transmutations | |  2.1

Action                   |  1- 3 |  4- 6 || total
-------------------------+-------+-------++-------
Melee: Unarmed           |   188 |    20 ||   208
       Bite              |    14 |     1 ||    15
       Headbutt          |     6 |     2 ||     8
       Punch             |     3 |     1 ||     4
 Cast: Beastly Appendage |    10 |     2 ||    12
       Wereblood         |     1 |     1 ||     2
  Use: Potion            |       |     2 ||     2
 Stab: Sleeping          |     5 |     1 ||     6
Armor: Skin              |     3 |       ||     3
Dodge: Dodged            |   113 |    14 ||   127
